 Dungeon Crawl Stone Soup version 0.11.0-9-gb634444 (webtiles) character file.

120 AzoNelget the Insei (level 3, 0/23 HPs)
             Began as a Sludge Elf Transmuter on Jan 24, 2013.
             Slain by a rat (3 damage)
             ... on Level 2 of the Dungeon.
             The game lasted 00:13:33 (1515 turns).

AzoNelget the Insei (Sludge Elf Transmuter)         Turns: 1515, Time: 00:13:33

HP   0/23        AC  2     Str 10      XL: 3   Next: 54%
MP   5/5         EV 13     Int 15      God:
Gold 78          SH  0     Dex 14      Spells:  3 memorised,  1 level left

Res.Fire  : . . .   See Invis. : .   l - +0 spear
Res.Cold  : . . .   Warding    : .   c - +0 elf robe
Life Prot.: . . .   Conserve   : .   (no shield)
Res.Poison: .       Res.Corr.  : .   (no helmet)
Res.Elec. : .       Clarity    : .   (no cloak)
Sust.Abil.: . .     Spirit.Shd : .   (no gloves)
Res.Mut.  : .       Stasis     : .   (no boots)
Res.Rott. : .       Ctrl.Telep.: .   (no amulet)
Saprovore : . . .   Levitation : .   (no ring) Ctrl.Flight: .
                                     (no ring)

@: slightly resistant to hostile enchantments, unstealthy
A: no striking features
a: no special abilities


You were on level 2 of the Dungeon.
You were not hungry.

You visited 1 branch of the dungeon, and saw 2 of its levels.

You collected 58 gold pieces.

Inventory:

Hand weapons
 j - a +0,+2 dagger (quivered)
 l - a +0,+0 spear (weapon)
Missiles
 b - 50 arrows
Armour
 c - a +0 elven robe (worn)
 m - a +0 chain mail
Comestibles
 a - 2 bread rations
Scrolls
 f - a scroll of remove curse
Potions
 e - 5 potions of curing {unknown}
 g - a potion of heal wounds {unknown}
 h - a potion of confusion {unknown}
 i - a potion of restore abilities {unknown}
 k - a potion of cure mutation {unknown}
Books
 d - a book of Changes

   Spells                             Type                      Level
   *Beastly Appendage                 Transmutation                1
   *Sticks to Snakes                  Transmutation                2
   *Spider Form                       Transmutation/Poison         3
   Ice Form                           Ice/Transmutation            4
   Blade Hands                        Transmutation                5


   Skills:
 + Level 1.3 Fighting
 + Level 0.1 Short Blades
 + Level 3.2 Dodging
 + Level 0.8 Stealth
 + Level 0.3 Traps & Doors
 + Level 4.0 Unarmed Combat
 + Level 2.6 Spellcasting
 + Level 2.8 Transmutations


You had one spell level left.
You knew the following spells:

 Your Spells              Type           Power        Failure   Level  Hunger
a - Beastly Appendage     Trmt           ###....      10%         1    #......
b - Sticks to Snakes      Trmt           ###.......   12%         2    ##.....
c - Spider Form           Trmt/Pois      ##........   34%         3    ####...


Dungeon Overview and Level Annotations

Branches:
Dungeon (2/27)

Altars:


Message History

You hit the kobold.
The kobold is almost dead.
The kobold barely misses you.
You barely miss the kobold.
The kobold is almost dead.
The kobold hits you with a whip.
You miss the kobold.
The kobold is almost dead.
The kobold hits you with a whip.
* * * LOW HITPOINT WARNING * * *
You hit the kobold.
You kill the kobold!
Things that are here:
a whip; a kobold corpse
e - 5 murky brown potions (gained 1)
Things that are here:
a whip; a kobold corpse A ball python and a rat come into view.
You closely miss the rat. The rat bites you.
You die...

..# ####.#.# #.# #.#.# .#.#
#.#.# ...#.. #.#.# #S.....#
#.# #.#.# .#..#.# #.# #.#.#
...#.# #.# #.#.# #..#r#. #.#
#.#.# #..#@#.# #.# #.#.#
#..#.#.# #.# #.#.# #....#.#
#.# #%#.# ##.###.###.###.#.#
#.........<....#.#
#############..###.#########.#
..........)....###.#.......#.#
#############.###....#####.#.#
#####....)................#.#


You could see a rat.

Vanquished Creatures
  A giant mite (D:2)
  A giant gecko (D:2)
  4 giant cockroaches
  3 goblins (D:1)
  8 hobgoblins
  2 kobolds
  4 bats
  4 giant newts
  5 rats (D:1)
  A toadstool (D:1)
33 creatures vanquished.

Vanquished Creatures (others)
  A toadstool (D:1)
1 creature vanquished.

Grand Total: 34 creatures vanquished

Notes
Turn   | Place    | Note
--------------------------------------------------------------
     0 | D:1      | AzoNelget, the Sludge Elf Transmuter, began the quest for the Orb.
     0 | D:1      | Reached XP level 1. HP: 13/13 MP: 1/1
   340 | D:1      | Reached XP level 2. HP: 18/18 MP: 4/4
   346 | D:1      | AzoNelget: quir
   346 | D:1      | AzoNelget: quit
   796 | D:1      | Learned a level 2 spell: Sticks to Snakes
  1208 | D:1      | Reached XP level 3. HP: 15/23 MP: 5/5
  1368 | D:2      | Reached skill level 4 in Unarmed Combat
  1384 | D:2      | Learned a level 3 spell: Spider Form
  1515 | D:2      | Slain by a rat
